 Dungeon Crawl Stone Soup version 0.30-a0-924-g0ad0bf95bc (webtiles) character file.

Game seed: 11721438294172318252

1712 Iniera the Destroyer (level 8, 0/52 HPs)
             Began as a Demonspawn Conjurer on Mar 22, 2023.
             Was a Follower of Vehumet.
             Slain by a yak (13 damage)
             ... on level 6 of the Dungeon.
             The game lasted 00:10:07 (5119 turns).

Iniera the Destroyer (Demonspawn Conjurer)          Turns: 5119, Time: 00:10:08

Health: 0/52       AC:  9    Str:  9    XL:     8   Next: 74%
Magic:  0/15       EV: 11    Int: 21    God:    Vehumet [*.....]
Gold:   278        SH:  4    Dex: 11    Spells: 5/16 levels left

rFire   . . .      SeeInvis .    o - +2 whip (vamp)
rCold   . . .      Faith    .    q - +0 buckler
rNeg    . . .      Spirit   +    a - +0 robe
rPois   .          Reflect  .    (helmet restricted)
rElec   .          Rampage  .    t - scarf {repulsion}
rCorr   .                        d - +0 pair of gloves
Will    +....                    f - +1 pair of boots "Luxotret" {Will+}
Stlth   ++                       s - amulet of magic regeneration
HPRegen 0.28/turn                k - +4 ring of protection
MPRegen 0.68/turn                (no ring)

@: repel missiles
A: antennae 1, foul stench 1, magic shield, magic regeneration
a: Renounce Religion


You were on level 6 of the Dungeon.
You worshipped Vehumet.
Vehumet was aware of your devotion.
You visited 2 branches of the dungeon, and saw 7 of its levels.

You collected 278 gold pieces.

Inventory:

Hand Weapons
 o - a +2 vampiric whip (weapon)
Armour
 a - a +0 robe (worn)
 d - a +0 pair of gloves (worn)
 f - the +1 pair of boots "Luxotret" (worn) {Will+}
   (You acquired it on level 4 of the Dungeon)

   Will:      It increases your willpower.
 q - a +0 buckler (worn)
 t - a scarf of repulsion (worn)
Jewellery
 k - a +4 ring of protection (left hand)
 s - an amulet of magic regeneration (around neck)
Scrolls
 l - a scroll of fear
Potions
 b - a potion of magic
 c - 3 potions of brilliance
 e - 2 potions of curing
 g - a potion of invisibility {unknown}
 h - 5 potions of flight {unknown}
 i - 2 potions of haste {unknown}
 j - 2 potions of might {unknown}
 m - 2 potions of resistance {unknown}
 n - a potion of ambrosia {unknown}
 p - 4 potions of mutation {unknown}
 r - 4 potions of lignification {unknown}


   Skills:
 - Level 1.7 Dodging
 - Level 1.7 Stealth
 + Level 2.0 Shields
 + Level 4.9 Spellcasting
 * Level 8.7 Conjurations
 + Level 3.1 Hexes
 - Level 2.1 Summonings
 + Level 3.6 Translocations


You had 5 spell levels left.
You knew the following spells:

 Your Spells              Type           Power      Damage    Failure   Level
a - Magic Dart            Conj           100%       1d8       1%          1
b - Searing Ray           Conj           82%        2d7       1%          2
c - Fulminant Prism       Conj/Hex       15%        3d10      12%         4
d - Iskenderun's Mystic   Conj/Tloc      31%        2d8       12%         4

Your spell library contained the following spells:

 Spells                   Type           Power      Damage    Failure   Level
 Foxfire                  Conj/Fire      92%        2x1d8     2%          1
 Dazzling Flash           Conj/Hex       60%        N/A       3%          3


Dungeon Overview and Level Annotations

Branches:
Dungeon (6/15)             Temple (1/1) D:6

Altars:
Cheibriados
Fedhas
Gozag
Hepliaklqana
Kikubaaqudgha
Nemelex Xobeh
Okawaru
Qazlal
Ru
Sif Muna
Trog
Uskayaw
Vehumet
Wu Jian
Yredelemnul


Innate Abilities, Weirdness & Mutations

You have a pair of small antennae on your head.
You may rarely emit foul miasma when damaged in melee.
When hurt, damage is shared between your health and your magic reserves.
You regenerate magic rapidly.


Message History

Aim: a yak (moderately wounded, 89% to hit)
The searing ray misses the yak. (Press . to maintain the ray.) Unknown command.
The searing ray hits the yak but does no damage.
The yak is moderately wounded.
The yak completely misses you.
The searing ray hits the yak.
The yak is moderately wounded.
The yak gores you!
The searing ray hits the yak.
The yak is heavily wounded.
You finish channelling your searing ray.
The yak gores you! The yak gores you but does no damage.
Okay, then.
You closely miss the yak.
The yak is heavily wounded.
The yak gores you.
Okay, then.
Casting: Searing Ray (safe; 1% risk of failure)
Confirm with . or Enter, or press ? or * to list all spells.
Aiming: Searing Ray (safe; 1% risk of failure)
Press: ? - help, Shift-Dir - straight line, f/p - yak
Aim: a yak (heavily wounded, 89% to hit)
The searing ray hits the yak!
The yak is severely wounded. (Press . to maintain the ray.)
The yak gores you.
* * * LOW HITPOINT WARNING * * *
The searing ray hits the yak.
The yak is severely wounded.
The yak closely misses you.
Okay, then.
You hit the yak.
The yak is severely wounded.
The yak gores you.
* * * LOW HITPOINT WARNING * * *
The yak gores you!
You die...

### ############ # .. ..
#.Y@....#
.#.#.#.#.#.#.#.#.#.###
.....................#
#########'############.#
............#### #..#
#######........######.####
#..................#
#............#####.#
#............# #


You could see a yak.

Vanquished Creatures
  Grinder (D:4)
  An orc warrior (D:6)
  An ogre (D:6)
  3 centaurs
  4 phantoms
  A bullfrog (D:6)
  A scorpion (D:5)
  2 orc priests (D:3)
  3 hounds (D:5)
  2 jellies (D:6)
  A sleepcap (D:6)
  3 iguanas
  Natasha (thrice) (D:4)
  4 orc wizards
  5 gnolls
  4 adders
  A white imp (D:3)
  An ufetubus (D:6)
  A dart slug (D:1)
  7 orcs
  12 ball pythons
  7 bats
  4 endoplasms
  8 giant cockroaches
  3 goblins
  5 hobgoblins
  5 jackals
  3 quokkas
  4 frilled lizards
  5 kobolds
  7 rats
112 creatures vanquished.

Vanquished Creatures (others)
  3 fulminant prisms
3 creatures vanquished.

Grand Total: 115 creatures vanquished

Notes
Turn   | Place    | Note
-------+----------+-------------------------------------------
     0 | D:1      | Iniera the Demonspawn Conjurer began the quest for the Orb.
     0 | D:1      | Reached XP level 1. HP: 13/13 MP: 3/3
   322 | D:1      | Gained mutation: You regenerate magic rapidly. [demonic
                  | ancestry]
   322 | D:1      | Reached XP level 2. HP: 19/19 MP: 3/5
   553 | D:1      | Learned a level 2 spell: Searing Ray
   582 | D:1      | Reached skill level 5 in Conjurations
   582 | D:1      | Reached XP level 3. HP: 13/24 MP: 0/6
  1503 | D:2      | Found a faded altar of an unknown god.
  1682 | D:3      | Found an iron altar of Okawaru.
  1782 | D:3      | Gained mutation: You have a pair of small antennae on your
                  | head. [demonic ancestry]
  1782 | D:3      | Reached XP level 4. HP: 30/30 MP: 2/7
  2087 | D:3      | Reached skill level 6 in Conjurations
  2087 | D:3      | Gained mutation: You may rarely emit foul miasma when
                  | damaged in melee. [demonic ancestry]
  2087 | D:3      | Reached XP level 5. HP: 35/35 MP: 5/9
  2363 | D:3      | Found a sparkling altar of Nemelex Xobeh.
  2365 | D:3      | Found a radiant altar of Vehumet.
  2367 | D:3      | Found an ornate altar of the Wu Jian Council.
  2371 | D:3      | Became a worshipper of Vehumet
  2519 | D:4      | Noticed Grinder
  2560 | D:4      | Identified a scroll of acquirement
  2560 | D:4      | Acquired the +1 pair of boots "Luxotret" {Will+}
  2599 | D:4      | Found a shimmering blue altar of Sif Muna.
  2615 | D:4      | Noticed Natasha
  2617 | D:4      | Killed Natasha
  2718 | D:4      | Noticed a phantom
  2730 | D:4      | Killed a phantom
  2731 | D:4      | Reached skill level 1 in Summonings
  2731 | D:4      | Reached skill level 1 in Translocations
  2731 | D:4      | Reached XP level 6. HP: 30/41 MP: 2/10
  2875 | D:4      | Paralysed by Grinder for 4 turns
  2887 | D:4      | Paralysed by Grinder for 5 turns
  2893 | D:4      | Killed Grinder
  3006 | D:4      | Reached skill level 7 in Conjurations
  3006 | D:4      | Reached XP level 7. HP: 45/46 MP: 3/12
  3013 | D:4      | Learned a level 4 spell: Fulminant Prism
  3018 | D:4      | Learned a level 4 spell: Iskenderun's Mystic Blast
  3450 | D:4      | Noticed Natasha
  3511 | D:4      | Killed Natasha
  3512 | D:4      | Reached skill level 1 in Hexes
  3600 | D:4      | Noticed Natasha
  3606 | D:4      | Killed Natasha
  3627 | D:5      | Entered Level 5 of the Dungeon
  3661 | D:5      | Found a sacrificial altar of Ru.
  3697 | D:5      | Reached * piety under Vehumet
  3697 | D:5      | Offered knowledge of Foxfire by Vehumet.
  4035 | D:5      | Gained mutation: When hurt, damage is shared between your
                  | health and your magic reserves. [demonic ancestry]
  4035 | D:5      | Reached XP level 8. HP: 31/52 MP: 7/14
  4117 | D:5      | Found a blossoming altar of Fedhas.
  4151 | D:5      | Reached skill level 8 in Conjurations
  4228 | D:5      | Found an opulent altar of Gozag.
  4336 | D:5      | Reached skill level 1 in Shields
  4657 | D:6      | Found a staircase to the Ecumenical Temple.
  4679 | Temple   | Entered the Ecumenical Temple
  5119 | D:6      | Slain by a yak

Illustrated notes

Levels and vault maps discovered:
D:1:      sevenhm_arrival_forest_fort_large_3, layout_loops_ring
D:2:      layout_rooms, shapermc_ecumenical_altar_venn,
          kennysheep_generic_room_12
D:3:      layout_basic, mainiacjoe_overflow_alcove_1, minitemple
D:4:      layout_rooms, mainiacjoe_overflow_24_doors, nicolae_underground_beach,
          uniq_grinder, uniq_natasha
D:5:      layout_cave_pools, mainiacjoe_overflow_surrounded_room,
          fedhas_bush_and_centaur_altar, nicolae_ru_great_annihilating_truth,
          chequers_serial_rivers_micro_c
D:6:      layout_basic, overflow_temple_1_default, minmay_temple_entry_glass,
          hangedman_minor_gate_pass
Temple:   compressed_dpeg_triangle_lava_temple

Skill      XL: |  1  2  3  4  5  6  7  8 |
---------------+-------------------------+-----
Conjurations   | 5 6 7 8 |  8.7
Spellcasting   | 3 4 |  4.9
Summonings     | 1 2 |  2.1
Translocations | 1 2 3 |  3.6
Hexes          | 2 3 |  3.1
Shields        | 2 |  2.0
Dodging        | |  1.7
Stealth        | |  1.7

Action                     |  1- 3 |  4- 6 |  7- 9 || total
---------------------------+-------+-------+-------++-------
  Melee: Dagger            |     6 |       |       ||     6
         Whip              |       |     6 |    66 ||    72
   Cast: Magic Dart        |    83 |    46 |    79 ||   208
         Searing Ray       |     3 |    12 |    18 ||    33
         Iskenderun's Myst |       |       |     3 ||     3
         Fulminant Prism   |       |       |     3 ||     3
    Use: Scroll            |       |     7 |     5 ||    12
         Potion            |       |       |     1 ||     1
   Stab: Sleeping          |       |     1 |     1 ||     2
 Armour: Robe              |     3 |     4 |    40 ||    47
  Dodge: Dodged            |     5 |    16 |    92 ||   113
  Block: Buckler           |       |       |    16 ||    16

Table legend: (Time is in decaauts)
 A = Elapsed time spent in this place.
 B = Non-inter-level travel time spent in this place.
 C = Inter-level travel time spent in this place.
 D = Time resting spent in this place.
 E = Time spent auto-exploring this place.
 F = Levels seen in this place.
 G = Mean time per level.
                   A        B        C        D        E       F      G
               +--------+--------+--------+--------+--------+-----+--------+
         Total |   5129 |   4935 |    194 |    299 |   3732 |   7 |  732.7 |
       Dungeon |   4929 |   4756 |    173 |    299 |   3560 |   6 |  821.5 |
        Temple |    199 |    179 |     20 |      0 |    172 |   1 |  199.0 |
               +--------+--------+--------+--------+--------+-----+--------+

Top non-repeatable levels by time:
     D:4: 1116 daAuts
     D:1: 1063 daAuts
     D:5: 998 daAuts
     D:3: 816 daAuts
     D:2: 655 daAuts
     D:6: 279 daAuts
  Temple: 199 daAuts
